 Dungeon Crawl Stone Soup version 0.31-a0-1-g4198be8af4 (webtiles) character file.

Game seed: 13061605005223549529

84760 erloom the Severer (level 15, -1/149 HPs)
             Began as a Minotaur Fighter on May 1, 2023.
             Was the Champion of Okawaru.
             Splashed by a goliath frog's acid (8 damage)
             ... called by a spriggan druid
             ... on level 1 of the Swamp.
             The game lasted 00:58:12 (20712 turns).

erloom the Severer (Minotaur Fighter)              Turns: 20712, Time: 00:58:13

Health: -1/149     AC: 22    Str: 25    XL:     15   Next: 36%
Magic:  21/21      EV:  8    Int:  7    God:    Okawaru [******]
Gold:   1695       SH:  8    Dex:  6    Spells: 14/14 levels left

rFire   . . .        e - +7 broad axe (flame)
rCold   + + .        y - +0 kite shield
rNeg    + . .        t - +6 chain mail of Vanity {SInv}
rPois   +            q - +2 hat of Ignis's Supremacy {rC+ rN+ SInv}
rElec   .            v - +2 cloak {Will+}
rCorr   .            m - +2 pair of gloves
SInv    +            f - +0 pair of boots
Will    ++...        G - amulet of regeneration Stlth
                     X - +4 ring of slaying
HPRegen 1.24/turn    L - ring of Juaruat {rPois rC+ Dex-5 SInv}
MPRegen 0.17/turn

%: no passive effects
@: corroded
A: horns 2, retaliatory headbutt
a: Renounce Religion, Heroism, Finesse, Duel


You were on level 1 of the Swamp.
You worshipped Okawaru.
Okawaru was exalted by your worship.
You visited 5 branches of the dungeon, and saw 23 of its levels.

You collected 1967 gold pieces.
You spent 272 gold pieces at shops.

Inventory:

Hand Weapons
 e - a +7 broad axe of flaming (weapon)
 N - a +3 war axe of electrocution
 T - a +4 broad axe of electrocution
Missiles
 S - 3 throwing nets (quivered)
Armour
 f - a +0 pair of boots (worn)
 m - a +2 pair of gloves (worn)
 q - the +2 hat of Ignis's Supremacy (worn) {rC+ rN+ SInv}
   (You acquired it on level 7 of the Dungeon)

   rC:        It protects you from cold.
   rN:        It protects you from negative energy.
   SInv:      It lets you see invisible.
 t - the +6 chain mail of Vanity (worn) {SInv}
   (You found it on level 2 of the Lair of Beasts)

   SInv:      It lets you see invisible.
 v - a +2 cloak of willpower (worn)
 y - a +0 kite shield (worn)
 M - a scarf of resistance
Jewellery
 n - the ring "Seicror" {rN+ SInv}
   (You found it on level 14 of the Dungeon)

   [ring of see invisible]

   rN:        It protects you from negative energy.
   SInv:      It lets you see invisible.
 o - a ring of protection from fire
 G - an amulet of regeneration (around neck)
 J - a ring of resist corrosion
 L - the ring of Juaruat (right hand) {rPois rC+ Dex-5 SInv}
   (You bought it in a shop on level 3 of the Dungeon)

   [ring of see invisible]

   Dex:       It affects your dexterity (-5).
   rC:        It protects you from cold.
   rPois:     It protects you from poison.
   SInv:      It lets you see invisible.
 R - a ring of wizardry
 V - a +4 ring of protection
 W - a +5 ring of evasion
 X - a +4 ring of slaying (left hand)
Wands
 a - a wand of mindburst (6)
 x - a wand of digging (2)
 B - a wand of quicksilver (11)
 O - a wand of roots (9)
 Y - a wand of flame (45)
Scrolls
 b - a scroll of fear
 g - 2 scrolls of identify
 r - 2 scrolls of enchant armour
 s - 3 scrolls of amnesia
 u - 15 scrolls of teleportation
 A - 2 scrolls of poison
 H - a scroll of brand weapon
 K - 2 scrolls of blinking
 Q - 4 scrolls of fog
 Z - 2 scrolls of immolation
Potions
 d - 4 potions of might
 h - 2 potions of magic
 i - 2 potions of brilliance
 j - 4 potions of heal wounds
 k - 12 potions of curing
 l - 5 potions of attraction
 p - 4 potions of invisibility
 w - 3 potions of lignification
 z - 5 potions of flight
 C - 4 potions of haste
 D - a potion of ambrosia
 E - a potion of resistance
 F - 4 potions of cancellation
Miscellaneous
 c - a lightning rod (4/4)
 P - a piece from Xom's chessboard (15/15)


   Skills:
 + Level 17.9 Fighting
 - Level 18.0 Axes
 + Level 16.0 Armour
 + Level 7.0 Shields
 + Level 10.1 Invocations
 - Level 5.0 Evocations


You had 14 spell levels left.
You didn't know any spells.
Your spell library contained the following spells:

 Spells                   Type           Power      Damage    Failure   Level
 Kiss of Death            Conj/Necr      0%         2d5       95%         1
 Shock                    Conj/Air       0%         1d3       95%         1
 Slow                     Hex            0%         N/A       95%         1
 Sting                    Tmut/Pois      0%         1d3       95%         1
 Poisonous Vapours        Pois/Air       0%         N/A       99%         2
 Scorch                   Fire           0%         2d5       99%         2
 Confusing Touch          Hex            0%         N/A       100%        3
 Frozen Ramparts          Ice            0%         1d1       100%        3
 Swiftness                Air            0%         N/A       100%        3
 Vampiric Draining        Necr           0%         2d6       100%        3
 Volatile Blastmotes      Fire/Tloc      0%         2d10      100%        3
 Airstrike                Air            0%         2d(0-16)  100%        4
 Anguish                  Hex/Necr       0%         N/A       100%        4
 Dispel Undead            Necr           0%         3d6       100%        4
 Flame Wave               Conj/Fire      0%         2d4       100%        4
 Fulminant Prism          Conj/Hex       0%         3d5       100%        4
 Ice Form                 Ice/Tmut       0%         N/A       100%        4
 Iskenderun's Mystic Bla  Conj/Tloc      0%         2d3       100%        4
 Olgreb's Toxic Radiance  Pois           0%         N/A       100%        4
 Lee's Rapid Deconstruct  Erth           0%         3d4*      100%        5
 Enfeeble                 Hex            0%         N/A       100%        7
 Summon Ice Beast         Ice/Summ       Unusable   N/A       N/A         4
 Summon Cactus Giant      Summ           Unusable   N/A       N/A         6

Dungeon Overview and Level Annotations

Branches:
Dungeon (14/15)            Temple (1/1) D:4            Lair (5/5) D:9
  Swamp (1/4) Lair:2       Spider (0/4) Lair:3        Slime (0/5) Lair:4
    Orc (2/2) D:12            Elf (0/3) Orc:2        Vaults (0/5) D:13

Altars:
Ashenzari
Cheibriados
Dithmenos
Elyvilon
Fedhas
Gozag
Hepliaklqana
Kikubaaqudgha
Makhleb
Nemelex Xobeh
Okawaru
Qazlal
Ru
Sif Muna
Trog
Uskayaw
Vehumet
Wu Jian
Xom
Yredelemnul
Zin
The Shining One

Shops:
D:3 =   D:5 (   D:9 *   Orc:2 [(=*


Innate Abilities, Weirdness & Mutations

You have a pair of horns on your head.
You reflexively headbutt those who attack you in melee.


Message History

The goliath frog hits you but does no damage.
The goliath frog hits you but does no damage.
A tree reaches out but misses you. You block the goliath frog's attack. x2
You slice the tyrant leech!! You burn the tyrant leech!
The tyrant leech is heavily wounded.
A root smacks you from below! You block the goliath frog's attack.
The goliath frog hits you from afar! The acid corrodes you!
You are splashed with acid!
The tyrant leech completely misses you.
The goliath frog hits you but does no damage.
The spriggan druid casts a spell at you.
You block the stone arrow. The goliath frog hits you!
You are splashed with acid.
Branches wave dangerously above you.
The forest calms down.
The goliath frog barely misses you.
You see here a +0 quarterstaff.
You enter the shallow water.
Moving in this stuff is going to be slow.
The goliath frog hits you from afar!
You are splashed with acid!
The goliath frog hits you but does no damage.
You block the goliath frog's attack. The goliath frog hits you from afar!
You are splashed with acid.
The spriggan druid casts a spell at you.
The stone arrow hits you!
* * * LOW HITPOINT WARNING * * *
The goliath frog hits you from afar!
* * * LOW HITPOINT WARNING * * *
The acid corrodes you!
You are splashed with acid!
* * * LOW HITPOINT WARNING * * *
The goliath frog hits you but does no damage.
The goliath frog barely misses you.
There is a staircase back to the Lair here.
The goliath frog hits you from afar!
* * * LOW HITPOINT WARNING * * *
You are splashed with acid!
* * * LOW HITPOINT WARNING * * *
The goliath frog hits you from afar!
* * * LOW HITPOINT WARNING * * *
You are splashed with acid!
You die...

♣♣♣~.....~~~~~~...~~~.~
♣♣.~~~.....~~~~.~~...~♣♣
♣.~~~~~.........♣♣♣♣♣♣♣
♣.~~~~~~..)..~♣♣♣
♣.~.[~~..~~~.♣♣
♣♣♣♣.....~.§§..♣♣♣♣♣
♣.......♣§.§~FFi§~.♣
♣.~....♣♣♣.††.w§~..♣
♣♣§♣♣♣♣♣ ♣~†..@...♣♣♣♣
♣♣♣ ♣♣♣♣~...♣.~.♣
♣♣~♣♣♣~~.♣ ♣♣♣ ♣♣~♣♣ ♣♣♣


You could see a tyrant leech, a spriggan druid and 2 goliath frogs.

Vanquished Creatures
  Jorgrun (D:12)
  Gastronok (Arena)
  An orc warlord (Orc:2)
  Nessos (Arena)
  A bunyip (Swamp:1)
  Snorg (D:11)
  4 hydras
  3 centaur warriors (D:14)
  A merfolk avatar (Lair:5)
  The ghost of KineticRobot the Cleaver, a novice MiFi of the Shining One (Lair:2)
  2 boulder beetles (D:11)
  3 two-headed ogres
  An orc high priest (Orc:2)
  Urug (Orc:2)
  6 tengu warriors
  Nergalle (D:10)
  4 skysharks
  A fire crab (shapeshifter) (D:13)
  A sea snake (Lair:5)
  An orb spider (Lair:3)
  A deep troll (D:14)
  A lindwurm (Lair:4)
  4 bog bodies (Lair:2)
  A harpy (Lair:5)
  2 orc knights (Orc:2)
  Pikel (D:7)
  3 manticores
  16 ugly things
  An oklob plant (Lair:5)
  4 cyclopes
  4 orc sorcerers (Orc:2)
  8 elephants
  3 black mambas
  A gargoyle (D:12)
  9 cane toads
  5 kobold demonologists
  12 komodo dragons
  3 unseen horrors
  Psyche (D:9)
  3 efreet
  3 rime drakes
  A komodo dragon (shapeshifter) (D:14)
  2 tengu conjurers (D:14)
  2 polar bears
  A wind drake (Lair:5)
  A merfolk (shapeshifter) (D:13)
  3 trolls
  A troll (shapeshifter) (D:14)
  20 blink frogs
  A tyrant leech (Swamp:1)
  2 hornets
  A snapping turtle (Lair:5)
  11 slime creatures (D:12)
  A centaur simulacrum (D:14)
  Sigmund (D:5)
  5 shadows
  3 wraiths
  3 wyverns
  A human (shapeshifter) (D:13)
  A vampire (D:13)
  61 yaks
  2 steam dragons
  5 vampire mosquitoes
  A redback (shapeshifter) (D:14)
  6 basilisks
  A two-headed ogre zombie (D:12)
  5 wargs
  3 acid dragons
  9 water moccasins
  32 orc warriors
  2 sky beasts
  2 ice beasts
  8 black bears
  A black mamba simulacrum (Lair:2)
  5 ogres
  3 wolves (Lair:3)
  7 centaurs
  4 kobold brigands
  Blork the orc (Orc:2)
  9 bullfrogs
  3 scorpions
  2 cane toad simulacra (Lair:2)
  17 wights
  A troll zombie (D:12)
  8 killer bees
  6 howler monkeys
  2 electric eels (Lair:2)
  24 orc priests
  3 jellies
  2 hounds
  Natasha (thrice) (D:4)
  2 sleepcaps
  3 iguanas
  31 orc wizards
  A yak simulacrum (Lair:2)
  6 ogre zombies (D:12)
  7 adders
  4 shadow imps
  4 white imps
  An ufetubus (D:4)
  8 worms
  6 dart slugs
  88 orcs
  11 endoplasms
  5 giant cockroaches
  6 goblins
  8 hobgoblins
  10 jackals
  11 kobolds
  3 quokkas
  9 ball pythons
  8 bats
  A goblin skeleton (D:12)
  A hobgoblin skeleton (D:12)
  7 hobgoblin zombies (D:12)
  5 orc skeletons (D:12)
  10 orc zombies (D:12)
  10 rats
  A bush (Lair:5)
688 creatures vanquished.

Vanquished Creatures (others)
  An orc skeleton (D:12)
  39 fungi
  53 plants
93 creatures vanquished.

Grand Total: 781 creatures vanquished

Notes
Turn   | Place    | Note
-------+----------+-------------------------------------------
     0 | D:1      | erloom the Minotaur Fighter began the quest for the Orb.
     0 | D:1      | Reached XP level 1. HP: 19/19 MP: 0/0
    84 | D:1      | Reached skill level 3 in Axes
    88 | D:1      | Reached XP level 2. HP: 26/26 MP: 1/1
   220 | D:1      | Reached skill level 4 in Axes
   456 | D:1      | Reached XP level 3. HP: 27/31 MP: 2/2
   782 | D:2      | Identified the +8 whip of Nimucw {heavy, rC+ Will++ rCorr
                  | Str-2}
   978 | D:2      | Reached skill level 5 in Axes
  1245 | D:3      | Found a transporter.
  1256 | D:2      | Reached XP level 4. HP: 20/39 MP: 3/3
  1367 | D:3      | Reached skill level 6 in Axes
  1443 | D:3      | Found Azepnen's One-of-a-Kind Rings.
  1468 | D:3      | Reached XP level 5. HP: 45/45 MP: 4/4
  1570 | D:3      | Found a transporter.
  1847 | D:3      | Reached skill level 7 in Axes
  1898 | D:3      | Noticed a black bear
  1917 | D:3      | Killed a black bear
  1918 | D:3      | Reached XP level 6. HP: 30/51 MP: 5/5
  1945 | D:3      | Reached skill level 8 in Axes
  2172 | D:4      | Noticed Natasha
  2174 | D:4      | Killed Natasha
  2178 | D:4      | Found a staircase to the Ecumenical Temple.
  2187 | Temple   | Entered the Ecumenical Temple
  2194 | Temple   | Became a worshipper of Warmaster Okawaru
  2294 | D:4      | Found a shimmering altar of Xom.
  2294 | D:4      | Noticed Natasha
  2299 | D:4      | Killed Natasha
  2305 | D:4      | Reached skill level 9 in Axes
  2313 | D:4      | Identified a scroll of acquirement
  2314 | D:4      | Acquired a +3 broad axe of flaming
  2416 | D:4      | Reached XP level 7. HP: 58/58 MP: 6/6
  2428 | D:4      | Found a glowing silver altar of Zin.
  2608 | D:4      | Found an ancient bone altar of Kikubaaqudgha.
  2625 | D:4      | You fall into a shaft and drop 1 floor!
  2625 | D:5      | Entered Level 5 of the Dungeon
  2643 | D:5      | Found Muvvaol's Antique Weapon Shop.
  2650 | D:5      | Noticed Sigmund
  2665 | D:5      | Killed Sigmund
  2852 | D:5      | Reached * piety under Okawaru
  3152 | D:4      | Noticed Natasha
  3157 | D:4      | Killed Natasha
  3407 | D:5      | Found a broken altar of Ashenzari.
  3410 | D:5      | Reached skill level 5 in Fighting
  3410 | D:5      | Reached XP level 8. HP: 68/68 MP: 7/7
  3420 | D:4      | Reached skill level 5 in Armour
  3420 | D:4      | Reached skill level 5 in Shields
  3424 | D:4      | Reached skill level 1 in Invocations
  3684 | D:5      | Found a radiant altar of Vehumet.
  3845 | D:5      | Found a hazy altar of Hepliaklqana.
  3854 | D:5      | Found a snail-covered altar of Cheibriados.
  3997 | D:6      | Reached ** piety under Okawaru
  3998 | D:6      | Reached skill level 10 in Axes
  4196 | D:6      | Found an ornate altar of the Wu Jian Council.
  4444 | D:6      | Reached XP level 9. HP: 64/80 MP: 9/9
  4703 | D:7      | Noticed Pikel
  4710 | D:7      | Killed Pikel
  4710 | D:7      | Reached *** piety under Okawaru
  4934 | D:7      | Reached skill level 11 in Axes
  5144 | D:7      | Received a gift from Okawaru
  5318 | D:7      | Acquired the +2 hat of Ignis's Supremacy {rC+ rN+ SInv}
  5612 | D:8      | Identified the staff of air "Ecarch" {rElec Int+5}
  5631 | D:8      | Reached skill level 10 in Fighting
  5671 | D:8      | Reached **** piety under Okawaru
  5989 | D:8      | Reached XP level 10. HP: 89/93 MP: 10/10
  6044 | D:8      | Found a glowing golden altar of the Shining One.
  6117 | D:8      | Identified the +3 leather armour of Jisiet {Regen+ Int-3
                  | Dex+4 Stlth+}
  6289 | D:9      | Noticed a sixfirhy
  6294 | D:9      | Noticed an orange demon
  6451 | D:9      | Reached skill level 12 in Axes
  6459 | D:9      | Reached ***** piety under Okawaru
  6623 | D:9      | Found Gebiwn's General Store.
  6698 | D:9      | Reached skill level 5 in Invocations
  6848 | D:9      | Found a staircase to the Lair.
  6922 | D:9      | Noticed Psyche
  6928 | D:9      | Killed Psyche
  7043 | D:9      | Found a sacrificial altar of Ru.
  7273 | D:10     | Entered Level 10 of the Dungeon
  7400 | D:10     | Received a gift from Okawaru
  7684 | D:10     | Noticed Nergalle
  7688 | D:10     | Killed Nergalle
  7689 | D:10     | Reached XP level 11. HP: 102/102 MP: 14/14
  7775 | D:10     | Reached skill level 13 in Axes
  7984 | Lair:1   | Entered Level 1 of the Lair of Beasts
  8219 | D:9      | Received a gift from Okawaru
  9106 | D:3      | Bought the ring of Juaruat {rPois rC+ Dex-5 SInv} for 272
                  | gold pieces
 10069 | Lair:2   | Reached skill level 14 in Axes
 10073 | Lair:2   | Reached skill level 10 in Armour
 10321 | Lair:2   | Found a runed translucent gate.
 10321 | Lair:2   | Found a runed translucent gate.
 10321 | Lair:2   | Found a runed translucent gate.
 10362 | Lair:2   | Noticed KineticRobot's ghost (novice MiFi)
 10390 | Lair:2   | Killed KineticRobot's ghost
 10391 | Lair:2   | Reached XP level 12. HP: 44/115 MP: 11/16
 10723 | Lair:2   | Identified the +6 chain mail of Vanity {SInv}
 10920 | Lair:2   | Received a gift from Okawaru
 10946 | Lair:2   | Found a staircase to the Swamp.
 11451 | Lair:3   | Reached skill level 15 in Axes
 11451 | Lair:3   | Reached skill level 1 in Evocations
 11530 | Lair:3   | Noticed Gastronok
 11532 | Arena    | Entered the Arena
 11539 | Arena    | Killed Gastronok
 11805 | Lair:3   | Found a hole to the Spider Nest.
 12002 | Lair:3   | Found a snail-covered altar of Cheibriados.
 12208 | Lair:4   | Noticed Nessos
 12208 | Lair:4   | Found a staircase to the Slime Pits.
 12379 | Arena    | Entered the Arena
 12385 | Arena    | Killed Nessos
 12733 | Lair:4   | Received a gift from Okawaru
 12734 | Lair:4   | Reached XP level 13. HP: 103/125 MP: 17/17
 12816 | Lair:4   | Reached skill level 15 in Fighting
 12991 | Lair:5   | Entered Level 5 of the Lair of Beasts
 13133 | Lair:5   | Reached skill level 16 in Axes
 13473 | Lair:5   | Received a gift from Okawaru
 14663 | D:11     | Noticed Snorg
 14674 | D:11     | Killed Snorg
 14675 | D:11     | Reached XP level 14. HP: 137/137 MP: 13/19
 15101 | D:11     | Received a gift from Okawaru
 15430 | D:12     | Reached skill level 17 in Axes
 16134 | D:12     | Noticed Jorgrun
 16167 | D:12     | Killed Jorgrun
 16201 | D:12     | Found a staircase to the Orcish Mines.
 16677 | D:13     | Reached skill level 5 in Evocations
 16790 | D:13     | Found a gate to the Vaults.
 17228 | D:14     | Identified the ring "Seicror" {rN+ SInv}
 17518 | D:14     | Reached skill level 10 in Invocations
 17727 | D:14     | Reached ****** piety under Okawaru
 17738 | D:14     | Identified the +0 ring mail of the Mind {Contam Harm Fly
                  | rCorr} (Okawaru gifted it to you on level 14 of the
                  | Dungeon)
 17738 | D:14     | Received a gift from Okawaru
 17905 | D:14     | Reached skill level 15 in Armour
 18014 | D:14     | Reached skill level 18 in Axes
 18295 | D:14     | Reached XP level 15. HP: 147/147 MP: 21/21
 18349 | D:14     | Identified the +1 robe of the Catamount {rN+}
 18806 | Orc:1    | Entered Level 1 of the Orcish Mines
 19021 | Orc:2    | Entered Level 2 of the Orcish Mines
 19291 | Orc:2    | Noticed Urug
 19292 | Orc:2    | Noticed Blork the orc
 19302 | Orc:2    | Killed Urug
 19303 | Orc:2    | Killed Blork the orc
 19377 | Orc:2    | Found Mutick's Antique Armour Shoppe.
 19435 | Orc:2    | Received a gift from Okawaru
 20033 | Orc:2    | Found a staircase to the Elven Halls.
 20208 | Orc:2    | Found Zoitonun's Jewellery Shoppe.
 20237 | Orc:2    | Found Yzaraik's General Store.
 20252 | Orc:2    | Found Feevaeg's Antique Weapon Shoppe.
 20597 | Swamp:1  | Entered Level 1 of the Swamp
 20712 | Swamp:1  | HP: 7/149 [goliath frog[a spriggan druid] (7)]
 20712 | Swamp:1  | Splashed by a goliath frog's acid

Illustrated notes

Levels and vault maps discovered:
D:1:      onia_arrival_mini_spirals, layout_rooms, hangedman_decor_points,
          minmay_ruptured
D:2:      layout_loops_cross
D:3:      gammafunk_wand_slinger, layout_basic, solitary_fountain,
          corexii_leaking_fountain, nicolae_shop_unique_rings,
          minmay_divided_ellipse
D:4:      layout_loops_ring, mainiacjoe_overflow_tiny_flanked,
          nicolae_kikubaaqudgha_miasma_corner, mainiacjoe_overflow_paths,
          minmay_temple_entry_slanted, grunt_decor_mini_mirrors,
          minmay_strange_pillars, nrook_loot_triangle, uniq_natasha
D:5:      layout_cave_pools, mainiacjoe_overflow_swirl,
          ashenzari_conservatory_becter, mainiacjoe_overflow_alcove_4,
          serial_shops, shop, nicolae_wormholes, uniq_sigmund
D:6:      layout_basic, mainiacjoe_overflow_small_starburst
D:7:      layout_gridville, uniq_pikel
D:8:      layout_basic, mainiacjoe_overflow_alcove_2
D:9:      layout_cave_pools, lemuel_round_altar, grunt_lair_entry_orc_guard_hut,
          serial_shops, nicolae_shop_competitors_out_of_business,
          corner_web_ring, uniq_psyche
D:10:     layout_loops_ring, nrook_campfire, uniq_nergalle
D:11:     layout_loops_ring, grunt_ministairs_14, uniq_snorg
D:12:     layout_basic, zombieorc2_lemuel, grunt_decor_clamped, uniq_jorgrun
D:13:     layout_cave_pools, david_vaults_2
D:14:     minmay_the_grid_octo_triangle [minmay_the_grid_octo_clover,
          minmay_the_grid_octo_prize_big_c, minmay_the_grid_octo_odd_swirl],
          layout_loops_ring, special_room [special_room_orc],
          serial_co_window_serial, co_window_corner_a, co_window_corner_a,
          co_window_of_opportunity_a, co_window_of_opportunity_a,
          co_window_corner_a, co_window_2corner, co_window_unsneaky_path_d,
          co_window_unsneaky_path_a, co_window_corner_cb, co_window_broadway_a,
          co_window_paths_d
Temple:   nicolae_temple_no_exploring_needed
Lair:1:   layout_cave_pods, infiniplex_staircase_pool_2, grunt_megastairs_5
Lair:2:   layout_small_grid, nicolae_swamp_entry_splash_gauntlet, serial_bayou,
          serial_bayou_shore_b, serial_bayou_pond_d, serial_bayou_shore_b,
          serial_bayou_lagoon_a, serial_bayou_pond_d, gammafunk_ghost_icy
Lair:3:   layout_chaotic_city, nicolae_spider_entry_orb_guardian, basic_altar,
          uniq_gastronok
Lair:4:   layout_misc_corridors, slime_entry_1, uniq_nessos
Lair:5:   gammafunk_lair_ancient_temple, layout_loops_ring
Swamp:1:  nicolae_swamp_standing_stones, layout_basic_swamp,
          wheals_swamp_sinkhole
Orc:1:    layout_caves, basic_altar
Orc:2:    grunt_orc_cross, layout_caves, minmay_orc_temple_b

Skill      XL: |  1  2  3  4  5  6  7  8  9 10 11 12 13 14 15 |
---------------+----------------------------------------------+-----
Axes           | 3 4 5 6 7 9 10 11 12 14 15 16 18 | 18.0
Fighting       | 5 7 10 11 13 14 16 17 | 17.9
Armour         | 4 6 8 10 12 13 15 16 | 16.0
Shields        | 4 5 7 |  7.0
Invocations    | 2 6 7 9 10 | 10.1
Evocations     | 3 4 5 |  5.0

Action                     |  1- 3 |  4- 6 |  7- 9 | 10-12 | 13-15 || total
---------------------------+-------+-------+-------+-------+-------++-------
  Melee: War axe           |    67 |    93 |       |       |       ||   160
         Headbutt          |    14 |    17 |    28 |    83 |   166 ||   308
         Broad axe         |       |    13 |   204 |   439 |   856 ||  1512
 Invoke: Finesse           |       |       |       |     3 |     2 ||     5
         Duel              |       |       |       |     2 |       ||     2
  Evoke: Wand              |       |       |       |       |     2 ||     2
    Use: Scroll            |       |     7 |    13 |     8 |     7 ||    35
         Potion            |       |       |     4 |     3 |       ||     7
 Armour: Scale mail        |    23 |     4 |       |       |       ||    27
         Chain mail        |       |    49 |       |    81 |   472 ||   602
         Plate armour      |       |    14 |   111 |   157 |       ||   282
  Dodge: Dodged            |    33 |    36 |    71 |    99 |   219 ||   458
  Block: Buckler           |    18 |    29 |    46 |    70 |    88 ||   251
         Kite shield       |       |       |       |       |    62 ||    62

Table legend: (Time is in decaauts)
 A = Elapsed time spent in this place.
 B = Non-inter-level travel time spent in this place.
 C = Inter-level travel time spent in this place.
 D = Time resting spent in this place.
 E = Time spent auto-exploring this place.
 F = Levels seen in this place.
 G = Mean time per level.
                   A        B        C        D        E       F      G
               +--------+--------+--------+--------+--------+-----+--------+
         Total |  20660 |  19228 |   1432 |   3445 |  10621 |  25 |  826.4 |
       Dungeon |  13185 |  12154 |   1031 |   2142 |   6903 |  14 |  941.8 |
        Temple |     14 |     14 |      0 |      0 |      0 |   1 |   14.0 |
          Lair |   5748 |   5441 |    307 |   1178 |   2805 |   5 | 1149.6 |
         Swamp |    114 |    114 |      0 |     27 |     50 |   1 |  114.0 |
  Orcish Mines |   1557 |   1464 |     93 |     78 |    862 |   2 |  778.5 |
         Arena |     40 |     40 |      0 |     19 |      0 |   2 |   20.0 |
               +--------+--------+--------+--------+--------+-----+--------+

Top non-repeatable levels by time:
  Lair:1: 1575 daAuts
    D:14: 1500 daAuts
    D:12: 1360 daAuts
     D:9: 1339 daAuts
  Lair:2: 1325 daAuts
   Orc:2: 1181 daAuts
  Lair:5: 1153 daAuts
  Lair:3: 1091 daAuts
     D:4: 1054 daAuts
     D:7: 1008 daAuts
     D:3: 925 daAuts
     D:5: 883 daAuts
     D:8: 881 daAuts
    D:10: 766 daAuts
     D:2: 749 daAuts
